 Dungeon Crawl Stone Soup version 0.30.1-4-g462c640d31 (webtiles) character file.

Game seed: 1274628368700472382

15099 Zeor the Carver (level 11, -3/77 (78) HPs)
             Began as a Demonspawn Gladiator on Sept 8, 2023.
             Was a High Priest of Kikubaaqudgha.
             Slain by a blink frog (14 damage)
             ... on level 2 of the Lair of Beasts.
             The game lasted 00:45:11 (10344 turns).

Zeor the Carver (Demonspawn Gladiator)             Turns: 10344, Time: 00:45:13

HP:   -3/77 (78)    AC: 13    Str: 15    XL:     11   Next: 97%
MP:   22/22         EV: 21    Int: 13    God:    Kikubaaqudgha [*****.]
Gold: 465           SH:  0    Dex: 15    Spells: 5/24 levels left

rFire   . . .        a - +3 great sword (freeze)
rCold   . . .        (shield currently unavailable)
rNeg    . . .        M - +0 swamp dragon scales
rPois   +            c - +0 helmet
rElec   .            u - +1 cloak
rCorr   .            g - +1 pair of gloves
SInv    .            (no boots)
Will    .....        x - amulet of the acrobat Stlth
                     r - ring of wizardry
HPRegen 0.32/turn    F - +5 ring of evasion
MPRegen 0.18/turn

%: acrobat, wizardry (x1)
@: confused, mighty, ambrosia-drunk, frozen, lightly drained, very slow
A: hooves 2, repulsion field 1, foul stench 1, spiny 2
a: Renounce Religion, Unearth Wretches, Torment


You were on level 2 of the Lair of Beasts.
You worshipped Kikubaaqudgha.
Kikubaaqudgha was extremely pleased with you.
You visited 2 branches of the dungeon, and saw 11 of its levels.
You also visited: Ossuary.

You collected 563 gold pieces.
You spent 98 gold pieces at shops.

Inventory:

Hand Weapons
 a - a +3 great sword of freezing (weapon)
 n - a +2 great sword of venom
 D - a +1 long sword of flaming
 L - a +2 heavy mace
Missiles
 d - 6 throwing nets (quivered)
 e - a javelin
 j - 21 poisoned darts
 s - 6 boomerangs
Armour
 c - a +0 helmet (worn)
 g - a +1 pair of gloves (worn)
 u - a +1 cloak (worn)
 K - a +2 scale mail of cold resistance
 M - +0 swamp dragon scales (worn)
Magical Staves
 b - a staff of death
 h - a staff of air
Jewellery
 r - a ring of wizardry (left hand)
 x - an amulet of the acrobat (around neck)
 C - an amulet of magic regeneration
 F - a +5 ring of evasion (right hand)
Wands
 f - a wand of polymorph (8)
 i - a wand of mindburst (11)
 y - a wand of flame (5)
 I - a wand of roots (8)
Scrolls
 l - a scroll of teleportation
 v - 3 scrolls of fear
 B - 2 scrolls of amnesia
 J - a scroll of magic mapping
Potions
 k - 3 potions of attraction
 m - 10 potions of curing
 o - 2 potions of lignification
 p - 4 potions of cancellation
 q - 9 potions of ambrosia
 t - 3 potions of flight
 w - a potion of might
 z - 4 potions of haste
 A - 6 potions of brilliance
 E - a potion of mutation
 H - 2 potions of invisibility


   Skills:
 + Level 4.6 Fighting
 * Level 11.6 Long Blades
 + Level 2.2 Throwing
 * Level 4.3 Armour
 * Level 7.1 Dodging
 - Level 1.4 Stealth
 + Level 7.3 Spellcasting
 + Level 0.1 Conjurations
 + Level 3.7 Hexes
 * Level 7.9 Necromancy
 + Level 0.1 Poison Magic


You had 5 spell levels left.
You knew the following spells:

 Your Spells              Type           Power      Damage    Failure   Level
a - Anguish               Hex/Necr       9%         N/A       10%         4
d - Dispel Undead         Necr           25%        3d12      4%          4
k - Kiss of Death         Conj/Necr      60%        2d10      2%          1
n - Necrotise             Necr           100%       1d9       1%          1
r - Cigotuvi's Dreadful   Necr/Pois/Air  22%        N/A       5%          2
s - Sublimation of Blood  Necr           25%        N/A       1%          2
A - Agony                 Necr           25%        N/A       12%         5

Your spell library contained the following spells:

 Spells                   Type           Power      Damage    Failure   Level
 Portal Projectile        Hex/Tloc       18%        N/A       16%         3
 Call Canine Familiar     Summ           4%         N/A       32%         3
 Ignite Poison            Fire/Tmut/Pois 4%         N/A       32%         3
 Leda's Liquefaction      Hex/Erth       4%         N/A       43%         4
 Borgnjor's Vile Clutch   Necr/Erth      7%         N/A       47%         5
 Sticky Flame             Conj/Fire      4%         2d3       69%         4
 Ignition                 Fire           2%         3d3       100%        8


Dungeon Overview and Level Annotations

Branches:
Dungeon (9/15)             Temple (0/1) D:6            Lair (2/5) D:9
Ossuary (visited)
  Swamp: Lair:2-3    Shoals: Lair:2-3     Snake: Lair:2-3    Spider: Lair:2-3
    Orc: D:9-12

Altars:
Cheibriados
Hepliaklqana
Kikubaaqudgha
Qazlal
Trog

Shops:
D:3 !

Annotations:
Lair:1 exclusion: oklob plant


Innate Abilities, Weirdness & Mutations

You have hoof-like feet.
You are surrounded by a mild repulsion field. (EV +2)
You may rarely emit foul miasma when damaged in melee.
You are mostly covered in sharp spines.


Message History

The yak closely misses you. The yak is struck by your spines.
The yak closely misses you.
The blink frog blinks!
You closely miss the yak. Your kick misses the yak.
The yak is heavily wounded.
The yak gores you.
You emit a cloud of foul miasma!
The yak is wracked by anguish.
The yak closely misses you.
The blink frog blinks!
The blink frog is struck by your spines.
The blink frog hits you but does no damage.
You miss the blink frog. Your kick misses the blink frog.
The blink frog is lightly wounded.
The blink frog is struck by your spines.
The blink frog hits you but does no damage.
The yak is engulfed in dark miasma.
The yak is poisoned.
The yak seems to slow down.
You kill the yak!
Kikubaaqudgha accepts your kill. The yak is struck by your spines.
The yak barely misses you.
The blink frog hits you but does no damage.
The blink frog blinks!
You bump into the rock wall.
The blink frog barely misses you. The rime drake breathes ice at you.
The icy flash freeze hits you!!
You are encased in ice.
The yak is struck by your spines. The yak gores you but does no damage.
The blink frog barely misses you.
The blink frog blinks! x2
You miss the yak.
The yak is severely wounded.
The blink frog is struck by your spines.
The blink frog misses you.
The blink frog blinks!
The yak gores you!
* * * LOW HITPOINT WARNING * * *
The yak is wracked by anguish!
The yak is struck by your spines. The yak gores you!
* * * LOW HITPOINT WARNING * * *
The yak is wracked by anguish!
The yak dies!
Kikubaaqudgha accepts your kill. The blink frog hits you!
You die...
Kikubaaqudgha rasps: "You have failed me!
Welcome... death!"

∙∙∙∙∙▒▒▒▒ ▒▒∙∙ ▒▒▒
∙▒∙∙∙▒▒∙▒ ∙∙ ▒ ▒▒∙∙∙∙∙∙∙▒
▒▒∙▒
∙▒F∙∙∙>∙∙∙▒▒▒▒▒▒▒∙■▒▒▒▒▒
∙∙∙∙∙∙∙∙∙▒∙∙▒▒∙∙∙∙∙∙∙∙∙
▒∙∙∙∙∙#∙∙∙∙▒▒∙∙∙∙∙∙∙∙∙
▒∙∙∙Y∙∙∙∙∙∙∙■†∙∙∙∙∙∙∙∙
▒∙∙∙†YF∙▒∙▒ ▒∙∙†∙∙∙††∙
▒∙▒▒6F∙∙▒ ▒†∙∙∙∙∙∙†∙
▒∙F☼▒Y▒▒▒ ▒▒∙∙∙∙∙∙∙∙
▒FkY∙F∙▒ ▒∙▒∙∙∙∙∙∙
▒P∙∙▒▒∙∙▒ ▒▒∙∙~∙>∙~~ ▒∙∙∙
▒∙▒▒ ▒▒∙▒∙~~∙∙≈≈
∙∙∙♣∙▒▒∙▒▒▒▒▒∙∙∙≈≈~≈≈≈≈
∙∙∙∙∙∙∙∙∙'∙▒∙▒∙∙∙~≈≈≈≈≈≈≈
∙∙■∙∙<∙♣▒∙∙∙∙∙▒P∙∙~≈≈≈≈≈≈
∙ ▒∙∙∙∙∙∙∙∙∙∙∙P∙∙∙≈≈≈≈≈≈~


You could see 4 yaks, 5 blink frogs, a rime drake (catching breath) and a
bullfrog (anguished).

Vanquished Creatures
  Harold (Lair:1)
  A two-headed ogre (D:7)
  Pikel (D:7)
  Maggie (Lair:1)
  4 cane toads (Lair:1)
  2 rime drakes (Lair:1)
  2 komodo dragons (Lair:1)
  2 polar bears
  A queen bee (Lair:2)
  Prince Ribbit (D:7)
  Sigmund (D:3)
  13 yaks
  A steam dragon (D:6)
  Menkaure (D:7)
  An acid dragon (D:8)
  8 water moccasins
  2 orc warriors (D:9)
  4 sky beasts
  4 black bears
  An ice beast (D:6)
  4 ogres
  3 centaurs
  A phantom (D:4)
  A kobold brigand (D:6)
  12 bullfrogs
  7 scorpions
  10 wights (D:8)
  25 killer bees
  2 howler monkeys
  4 centaur zombies (Ossuary)
  3 hounds
  2 human zombies
  3 orc priests
  9 jellies
  3 sleepcaps
  Jessica (D:3)
  3 gnoll boudas
  An iguana (D:5)
  3 orc wizards
  2 mummies (Ossuary)
  14 gnolls
  6 adders
  2 shadow imps (D:7)
  A white imp (D:6)
  An ufetubus (D:6)
  An adder zombie (Ossuary)
  A worm (D:3)
  4 dart slugs
  12 orcs
  7 bats
  19 endoplasms
  3 giant cockroaches
  3 goblins
  5 hobgoblins
  2 jackals (D:2)
  9 kobolds
  3 quokkas
  13 ball pythons
  4 frilled lizards
  8 hobgoblin zombies (Ossuary)
  2 jackal zombies (Ossuary)
  11 kobold zombies
  10 orc zombies (Ossuary)
  7 rats
  A rat zombie (Ossuary)
300 creatures vanquished.

Vanquished Creatures (collateral kills)
  A sky beast (D:7)
  A gnoll sergeant (D:7)
2 creatures vanquished.

Vanquished Creatures (others)
  2 cane toads
  3 yaks
  A wight (D:8)
  2 killer bees
  3 gnolls (D:7)
11 creatures vanquished.

Grand Total: 313 creatures vanquished

Notes
Turn   | Place    | Note
-------+----------+-------------------------------------------
     0 | D:1      | Zeor the Demonspawn Gladiator began the quest for the Orb.
     0 | D:1      | Reached XP level 1. HP: 16/16 MP: 1/1
   274 | D:1      | Reached skill level 3 in Long Blades
   274 | D:1      | Gained mutation: You are partially covered in sharp spines.
                  | [demonic ancestry]
   274 | D:1      | Reached XP level 2. HP: 21/22 MP: 2/2
   485 | D:1      | You fall into a shaft and drop 1 floor!
   541 | D:2      | Found a faded altar of an unknown god.
   983 | D:2      | Gained mutation: You are surrounded by a mild repulsion
                  | field. (EV +2) [demonic ancestry]
   983 | D:2      | Reached XP level 3. HP: 27/27 MP: 3/3
  1432 | D:3      | Noticed an ogre
  1449 | D:3      | Killed an ogre
  1450 | D:3      | Reached skill level 4 in Long Blades
  1450 | D:3      | Reached XP level 4. HP: 9/33 MP: 4/4
  1450 | D:3      | Reached XP level 5. HP: 11/38 MP: 5/5
  1556 | D:3      | Noticed Sigmund
  1567 | D:3      | Killed Sigmund
  1568 | D:3      | Reached skill level 5 in Long Blades
  1568 | D:3      | Gained mutation: You may rarely emit foul miasma when
                  | damaged in melee. [demonic ancestry]
  1568 | D:3      | Reached XP level 6. HP: 45/45 MP: 6/6
  1676 | D:3      | Noticed Jessica
  1681 | D:3      | Killed Jessica
  1755 | D:3      | Reached skill level 1 in Armour
  1824 | D:3      | Found Vogop's Distillery.
  1832 | D:3      | Bought a potion of curing for 42 gold pieces
  1832 | D:3      | Bought a potion of might for 56 gold pieces
  2067 | D:4      | Found an ancient bone altar of Kikubaaqudgha.
  2070 | D:4      | Became a worshipper of Kikubaaqudgha
  2382 | D:4      | Gained mutation: You have large cloven feet. [demonic
                  | ancestry]
  2382 | D:4      | Reached XP level 7. HP: 51/51 MP: 8/8
  2400 | D:4      | Reached skill level 6 in Long Blades
  2433 | D:4      | Found a bloodstained altar of Trog.
  2580 | D:4      | Found a snail-covered altar of Cheibriados.
  2580 | D:4      | Found a hazy altar of Hepliaklqana.
  2704 | D:4      | Reached skill level 1 in Spellcasting
  2704 | D:4      | Reached skill level 1 in Necromancy
  2835 | D:5      | Entered Level 5 of the Dungeon
  3115 | D:5      | Reached * piety under Kikubaaqudgha
  3115 | D:5      | Received a gift from Kikubaaqudgha
  3116 | D:5      | Reached skill level 7 in Long Blades
  3191 | D:5      | Learned a level 1 spell: Necrotise
  3193 | D:5      | Learned a level 1 spell: Kiss of Death
  3196 | D:5      | Learned a level 2 spell: Cigotuvi's Dreadful Rot
  3199 | D:5      | Learned a level 2 spell: Sublimation of Blood
  3217 | D:5      | Gained mutation: You have hoof-like feet. [demonic
                  | ancestry]
  3217 | D:5      | Reached XP level 8. HP: 57/57 MP: 6/10
  4436 | D:6      | Reached skill level 8 in Long Blades
  4573 | D:6      | Reached XP level 9. HP: 59/64 MP: 14/14
  4652 | D:6      | Found a staircase to the Ecumenical Temple.
  4831 | D:7      | Reached skill level 5 in Dodging
  4866 | D:7      | Noticed Menkaure
  4872 | D:7      | Killed Menkaure
  4876 | D:7      | Noticed Pikel
  4886 | D:7      | Killed Pikel
  4886 | D:7      | Reached ** piety under Kikubaaqudgha
  4911 | D:7      | Found a sand-covered staircase.
  4920 | Ossuary  | Entered an ossuary
  5150 | Ossuary  | Reached skill level 1 in Stealth
  5198 | Ossuary  | Reached *** piety under Kikubaaqudgha
  5198 | Ossuary  | Received a gift from Kikubaaqudgha
  5199 | Ossuary  | Reached skill level 9 in Long Blades
  5207 | Ossuary  | Learned a level 4 spell: Anguish
  5212 | Ossuary  | Learned a level 4 spell: Dispel Undead
  5417 | D:7      | Noticed a two-headed ogre
  5418 | D:7      | Noticed Prince Ribbit
  5632 | D:7      | Found a stormy altar of Qazlal.
  5823 | D:7      | Killed Prince Ribbit
  5865 | D:7      | Reached skill level 1 in Hexes
  5865 | D:7      | Gained mutation: You are mostly covered in sharp spines.
                  | [demonic ancestry]
  5865 | D:7      | Reached XP level 10. HP: 53/63 MP: 13/17
  6102 | D:7      | Killed a two-headed ogre
  6103 | D:7      | Reached skill level 5 in Spellcasting
  6477 | D:8      | Learned a level 5 spell: Agony
  6580 | D:8      | Reached skill level 5 in Necromancy
  6683 | D:8      | Reached **** piety under Kikubaaqudgha
  7659 | D:9      | Reached skill level 10 in Long Blades
  7986 | D:9      | Found a staircase to the Lair.
  8626 | Lair:1   | Entered Level 1 of the Lair of Beasts
  8626 | Lair:1   | Noticed a cane toad
  8628 | Lair:1   | Killed a cane toad
  8629 | Lair:1   | Reached XP level 11. HP: 77/77 MP: 20/20
  8831 | Lair:1   | Noticed Harold
  8846 | Lair:1   | Killed Harold
  9149 | Lair:1   | Noticed Maggie
  9158 | Lair:1   | Killed Maggie
  9306 | Lair:1   | Reached skill level 11 in Long Blades
  9462 | Lair:1   | Noticed an oklob plant
  9546 | Lair:1   | Reached ***** piety under Kikubaaqudgha
 10344 | Lair:2   | Slain by a blink frog

Illustrated notes

Levels and vault maps discovered:
D:1:      minmay_arrival_stair_chambers, layout_basic, serial_bayou_crossing
D:2:      layout_rooms, shapermc_ecumenical_altar_acropolis,
          chequers_decorated_corner
D:3:      layout_basic, serial_shops, shop, uniq_jessica, uniq_sigmund
D:4:      layout_basic, mainiacjoe_overflow_paths, kennysheep_mini,
          gammafunk_temple_overflow_pools, item_on_display_a
D:5:      layout_basic
D:6:      layout_gridville, tso_oasis_becter, minmay_temple_entry_glass
D:7:      layout_gridville, old_standard_altar, enter_ossuary_3,
          reono_crystal_passage, uniq_prince_ribbit1, uniq_pikel, uniq_menkaure
D:8:      layout_basic
D:9:      layout_long_grid, due_lair_maze_entry_diamond
Lair:1:   lemuel_slime, layout_loops_ring, grunt_megastairs_5, uniq_harold,
          uniq_maggie
Lair:2:   layout_roguey [special_room_bee], nicolae_shoals_entry_flooding,
          beast_lair_carwin_9, infiniplex_staircase_pool, grunt_megastairs_2,
          serial_bayou_shore_b

Skill      XL: |  1  2  3  4  5  6  7  8  9 10 11 |
---------------+----------------------------------+-----
Long Blades    | 3 4 5 7 8 9 10 11 | 11.6
Dodging        | 3 4 5 6 7 |  7.1
Armour         | 1 2 3 4 |  4.3
Throwing       | 2 |  2.2
Spellcasting   | 1 3 4 6 7 |  7.3
Necromancy     | 1 3 4 6 7 |  7.9
Fighting       | 3 4 |  4.6
Stealth        | 1 |  1.4
Hexes          | 1 2 3 |  3.7
Conjurations   | |  0.1
Poison Magic   | |  0.1

Action                     |  1- 3 |  4- 6 |  7- 9 | 10-12 || total
---------------------------+-------+-------+-------+-------++-------
  Melee: Long sword        |    91 |    46 |   285 |    44 ||   466
         Punch             |     1 |       |     9 |     2 ||    12
         Kick              |       |       |    94 |    66 ||   160
         Great sword       |       |       |       |   173 ||   173
         Staff             |       |       |       |     1 ||     1
  Throw: Throwing net      |     2 |     1 |       |     2 ||     5
         Dart              |       |     4 |     3 |       ||     7
         Javelin           |       |     1 |       |       ||     1
   Cast: Necrotise         |       |       |    29 |    20 ||    49
         Cigotuvi's Dreadf |       |       |     2 |     1 ||     3
         Anguish           |       |       |     6 |    48 ||    54
         Kiss of Death     |       |       |     2 |     1 ||     3
         Dispel Undead     |       |       |     1 |       ||     1
         Agony             |       |       |       |     4 ||     4
         Sublimation of Bl |       |       |       |     1 ||     1
    Use: Scroll            |     4 |     4 |    15 |     7 ||    30
         Potion            |       |       |     1 |     3 ||     4
   Stab: Sleeping          |       |       |     1 |     1 ||     2
         Held in net/web   |       |       |       |     1 ||     1
 Armour: Chain mail        |    59 |    11 |       |       ||    70
         Leather armour    |     4 |     1 |    76 |    22 ||   103
         Swamp dragon scal |       |       |       |    30 ||    30
         Scale mail        |       |       |       |     7 ||     7
  Dodge: Dodged            |    27 |    24 |   284 |   289 ||   624
